[Event "Titled Tuesday Blitz August 1 Early 2023"]
[White "NovoselovRoman"]
[Black "djokovic74"]
[WhiteElo "2608"]
[BlackElo "2759"]
[Result "0-1"]
[Round "4"]
[TimeControl "180+1"]
[Date "2023.08.01"]
[WhiteClock "0:00:08"]
[BlackClock "0:00:11"]
[Board "33"]

1. e4 e6 2. d4 d5 3. Nc3 dxe4 4. Nxe4 Bd7 5. Nf3 Bc6 6. Bd3 Nd7 7. Qe2 Ngf6 8. O-O Bxe4 9. Bxe4 Nxe4 10. Qxe4 c6 11. Bg5 Be7 12. Bxe7 Qxe7 13. Rfe1 O-O 14. c3 Nf6 15. Qh4 Qc7 16. Re5 h6 17. Rae1 Rfd8 18. g4 Qe7 19. Qg3 Nh7 20. h4 Rd5 21. g5 hxg5 22. hxg5 Rxe5 23. Rxe5 Nf8 24. Nh4 Qd7 25. Re3 Qd5 26. b3 Rd8 27. Re5 Qd6 28. Qe3 Qa3 29. Qd2 Rd5 30. Nf3 Ng6 31. Rxd5 cxd5 32. c4 dxc4 33. bxc4 Qxf3 34. d5 Nf4 35. Kf1 Qh1# 0-1


[Site "https://www.chess.com"]

[Event "Titled Tuesday Blitz August 1 Early 2023"]
[White "Pastar, Slaven"]
[Black "carokannlover213"]
[WhiteFideId "14402718"]
[WhiteElo "2572"]
[BlackElo "2751"]
[Result "1-0"]
[Round "4"]
[TimeControl "180+1"]
[Date "2023.08.01"]
[WhiteClock "0:00:12"]
[BlackClock "0:00:03"]
[Board "34"]

1. b3 e5 2. Bb2 Nc6 3. Nf3 e4 4. Nd4 Nxd4 5. Bxd4 d5 6. e3 Nf6 7. c4 dxc4 8. Bxc4 Bd6 9. Nc3 Bf5 10. Qc2 O-O 11. f4 Re8 12. O-O c6 13. h3 h5 14. a4 h4 15. a5 Nh5 16. Ne2 Qd7 17. Kh2 g5 18. Qb2 Kh7 19. Be5 g4 20. Bxd6 Qxd6 21. Bxf7 Ng3 22. Nxg3 hxg3+ 23. Kxg3 gxh3 24. Kf2 Rf8 25. Bh5 Qh6 26. g4 Rg8 27. Rg1 Rad8 28. Rg3 Bg6 29. Rxh3 Qf8 30. Rah1 Bxh5 31. Rxh5+ Kg6 32. Rg5+ Kf7 33. Rh7+ Ke8 34. Re5+ Qe7 35. Rexe7+ Kf8 36. Rhf7# 1-0


[Site "https://www.chess.com"]

[Event "Titled Tuesday Blitz August 1 Early 2023"]
[White "Amilal Munkhdalai"]
[Black "Dinosaurio_1975"]
[WhiteFideId "4903250"]
[WhiteElo "2729"]
[BlackElo "2561"]
[Result "1-0"]
[Round "4"]
[TimeControl "180+1"]
[Date "2023.08.01"]
[WhiteClock "0:00:30"]
[BlackClock "0:00:00"]
[Board "35"]

1. e4 c6 2. d4 d5 3. e5 c5 4. dxc5 e6 5. Be3 Nd7 6. f4 Nxc5 7. c3 Bd7 8. Nd2 Rc8 9. Ngf3 h5 10. g3 Nh6 11. Nd4 Ng4 12. Bg1 Na4 13. h3 Nh6 14. Rb1 Bc5 15. Qxh5 Qb6 16. N2b3 g6 17. Qd1 Nf5 18. Nxc5 Nxc5 19. Nxf5 gxf5 20. b4 d4 21. bxc5 Qc6 22. Rh2 Qe4+ 23. Re2 Qf3 24. Qxd4 Qxg3+ 25. Bf2 Qf3 26. Re3 Qh1 27. Rg3 Bc6 28. Rg1 Qf3 29. Bb5 Rd8 30. Qe3 Qd5 31. Bxc6+ bxc6 32. Qe2 Qd7 33. Rd1 Qc7 34. Rxd8+ Qxd8 35. Qf3 Qc8 36. Bh4 Qa6 37. Bf6 Rf8 38. Qd1 1-0


[Site "https://www.chess.com"]

[Event "Titled Tuesday Blitz August 1 Early 2023"]
[White "Chor, Kevin"]
[Black "Yanchenko, Roman"]
[WhiteFideId "2090740"]
[BlackFideId "4137329"]
[WhiteElo "2552"]
[BlackElo "2728"]
[Result "0-1"]
[Round "4"]
[TimeControl "180+1"]
[Date "2023.08.01"]
[WhiteClock "0:00:06"]
[BlackClock "0:01:02"]
[Board "36"]

1. e4 e6 2. d4 d5 3. Nd2 c5 4. exd5 exd5 5. Ngf3 Nc6 6. Bb5 c4 7. O-O Bd6 8. Re1+ Ne7 9. b3 cxb3 10. axb3 O-O 11. Bd3 Nb4 12. Nf1 Nxd3 13. Qxd3 Bf5 14. Qd2 a6 15. Ba3 Rc8 16. Ne3 Be4 17. Ne5 f6 18. Nd3 Bxa3 19. Rxa3 Bxd3 20. Qxd3 Re8 21. c4 Qd7 22. Ra2 Nc6 23. Rae2 dxc4 24. Qxc4+ Qf7 25. Nf5 Rxe2 26. Qxe2 Rd8 27. Qg4 Kf8 28. Qg3 Qd7 29. Qh3 Nxd4 30. g4 Nxf5 31. Qxh7 Nh6 0-1


[Site "https://www.chess.com"]

[Event "Titled Tuesday Blitz August 1 Early 2023"]
[White "Ardelean, George-Catalin"]
[Black "FREDERICKtheMATE"]
[WhiteFideId "1207091"]
[WhiteElo "2713"]
[BlackElo "2426"]
[Result "1-0"]
[Round "4"]
[TimeControl "180+1"]
[Date "2023.08.01"]
[WhiteClock "0:01:07"]
[BlackClock "0:00:46"]
[Board "37"]

1. d4 Nf6 2. Bf4 d5 3. e3 e6 4. Qf3 Bd6 5. Nc3 a6 6. g4 h6 7. h4 Qe7 8. g5 hxg5 9. hxg5 Rxh1 10. gxf6 Qxf6 11. Qxh1 Bxf4 12. exf4 Qxd4 13. Qh8+ Kd7 14. Nge2 Qf6 15. O-O-O c6 16. Ne4 Qg6 17. Nc5+ Kc7 18. Qf8 b6 19. Qe7+ Nd7 20. Nxd7 Bxd7 21. Nd4 c5 22. Nb3 f6 23. Nxc5 bxc5 24. Qxc5+ Bc6 25. Qe7+ Bd7 26. Rd3 Qe4 27. Rc3+ Kb6 28. Qd6+ Ka5 29. Ra3+ Ba4 30. Qc5# 1-0


[Site "https://www.chess.com"]

[Event "Titled Tuesday Blitz August 1 Early 2023"]
[White "Morefield, Jason"]
[Black "Jahnz, Fabian"]
[WhiteFideId "30920825"]
[BlackFideId "4653300"]
[WhiteElo "2706"]
[BlackElo "2293"]
[Result "1/2-1/2"]
[Round "4"]
[TimeControl "180+1"]
[Date "2023.08.01"]
[WhiteClock "0:00:05"]
[BlackClock "0:00:15"]
[Board "38"]

1. e4 c6 2. Nf3 d5 3. Nc3 dxe4 4. Nxe4 Nf6 5. Nxf6+ exf6 6. Bc4 Bd6 7. Qe2+ Qe7 8. Qxe7+ Kxe7 9. O-O Re8 10. Re1+ Kf8 11. Rxe8+ Kxe8 12. d4 Be6 13. Bf1 Nd7 14. Be3 Kf8 15. h3 c5 16. dxc5 Bxc5 17. Bxc5+ Nxc5 18. Be2 Rd8 19. Kf1 a6 20. Ke1 Ke7 21. a3 Ne4 22. Bd3 Nc5 23. Be2 Ne4 24. Rd1 Rxd1+ 25. Bxd1 f5 26. Ne5 f6 27. Nd3 g5 28. g3 Kd6 29. Bh5 Bc4 30. Nc1 Ke5 31. Bf3 b6 32. b3 Bb5 33. a4 Bd7 34. Be2 b5 35. a5 Kd4 36. Nd3 Kc3 37. Kd1 Be6 38. Kc1 h6 39. g4 fxg4 40. hxg4 f5 41. f3 Ng3 42. Bd1 fxg4 43. fxg4 Bxb3 44. Nc5 Bc4 45. Nxa6 Ne2+ 46. Bxe2 Bxe2 47. Nc7 Bxg4 48. a6 Bf3 49. Nxb5+ Kb4 50. Nc7 g4 51. Kd2 g3 52. Ke3 Bc6 53. a7 h5 54. a8=Q Bxa8 55. Nxa8 Kc3 56. Kf3 Kxc2 57. Kxg3 h4+ 58. Kxh4 1/2-1/2


[Site "https://www.chess.com"]

[Event "Titled Tuesday Blitz August 1 Early 2023"]
[White "Tymrakiewicz, Rafal"]
[Black "Martinez Alcantara, Jose Eduardo"]
[WhiteFideId "1108832"]
[BlackFideId "3805662"]
[WhiteElo "2407"]
[BlackElo "3006"]
[Result "0-1"]
[Round "4"]
[TimeControl "180+1"]
[Date "2023.08.01"]
[WhiteClock "0:00:00"]
[BlackClock "0:02:32"]
[Board "39"]

1. e4 c5 2. d4 cxd4 3. c3 d3 4. Bxd3 d6 5. Be3 Nf6 6. h3 e6 7. f4 b6 8. Nf3 Bb7 9. Nbd2 Nbd7 10. b4 Be7 11. O-O O-O 12. Qe2 Rc8 13. Rac1 g6 14. g4 Re8 15. Rf2 Bf8 16. Rg2 Bg7 17. h4 h5 18. gxh5 Nxh5 19. Ng5 Ndf6 20. Qf2 e5 21. f5 d5 22. Be2 d4 23. cxd4 Rxc1+ 24. Kh2 exd4 25. Bxd4 Ng4+ 26. Bxg4 Bxd4 0-1


[Site "https://www.chess.com"]

[Event "Titled Tuesday Blitz August 1 Early 2023"]
[White "Shimanov, Aleksandr"]
[Black "Vaibhav Jayant Raut"]
[WhiteFideId "4198603"]
[BlackFideId "5089034"]
[WhiteElo "2941"]
[BlackElo "2601"]
[Result "1-0"]
[Round "4"]
[TimeControl "180+1"]
[Date "2023.08.01"]
[WhiteClock "0:00:35"]
[BlackClock "0:00:00"]
[Board "40"]

1. d4 Nf6 2. Bg5 e6 3. Nd2 h6 4. Bh4 d5 5. e3 Be7 6. Bd3 Nbd7 7. f4 c5 8. c3 b6 9. Ngf3 Bb7 10. O-O Ne4 11. Bxe7 Qxe7 12. Bxe4 dxe4 13. Ne5 O-O 14. Qh5 Nf6 15. Qh4 Nd5 16. Qxe7 Nxe7 17. dxc5 bxc5 18. Nb3 Nd5 19. Kf2 Ba6 20. Rfd1 Rfc8 21. c4 Nb4 22. a3 Nc6 23. Nxc6 Rxc6 24. Na5 Rb6 25. b3 Kf8 26. Rd7 Bc8 27. Rd8+ Ke7 28. Rad1 Rab8 29. b4 Kf6 30. b5 a6 31. a4 axb5 32. cxb5 Ra8 33. Nc4 Rbb8 34. Nd6 Rxa4 35. Rxc8 Rb6 36. Rc6 Rb8 37. Rxc5 Ra2+ 38. Kf1 Rba8 39. Nxe4+ Kg6 40. Rb1 R8a4 41. Nc3 Ra1 42. Nxa4 Rxb1+ 43. Kf2 Rb4 44. Nc3 f5 45. Ne2 Kh5 46. Nd4 Kg4 47. h3+ Kh4 48. Nxe6 Rb2+ 49. Kf3 Rb1 50. Rxf5 g5 51. fxg5 hxg5 52. g3+ Kxh3 53. Nxg5+ Kh2 54. Ne4 Kg1 55. g4 Kh2 56. g5 Kh3 57. g6 Rf1+ 58. Nf2+ Kh4 59. g7 Rg1 60. Rf4+ Kh5 61. Rg4 Kh6 62. g8=Q 1-0


[Site "https://www.chess.com"]

[Event "Titled Tuesday Blitz August 1 Early 2023"]
[White "Shukhman, Anna"]
[Black "Zakhartsov, Vladimir"]
[WhiteFideId "54180058"]
[BlackFideId "4145097"]
[WhiteElo "2600"]
[BlackElo "2932"]
[Result "0-1"]
[Round "4"]
[TimeControl "180+1"]
[Date "2023.08.01"]
[WhiteClock "0:00:11"]
[BlackClock "0:00:07"]
[Board "41"]

1. e4 c5 2. Nf3 d6 3. d4 Nf6 4. Nc3 cxd4 5. Nxd4 g6 6. Be3 Bg7 7. f3 h5 8. Qd2 a6 9. O-O-O Nbd7 10. Be2 b5 11. Rhe1 Bb7 12. a3 Rc8 13. Kb1 Qc7 14. Nb3 Nb6 15. Bxb5+ axb5 16. Nxb5 Qd7 17. Nxd6+ exd6 18. Bxb6 O-O 19. Qxd6 Qb5 20. Qb4 Qxb4 21. axb4 Bc6 22. Na5 Bb5 23. Bc5 Rfe8 24. c4 Bd7 25. Bd4 Be6 26. c5 Nd7 27. c6 Ne5 28. b5 Nc4 29. Nb7 Bf8 30. Nc5 Nd6 31. Nxe6 Rxe6 32. b6 Rxc6 33. Rc1 Nb7 34. b4 Bxb4 35. Re2 Rxc1+ 36. Kxc1 Bc5 37. Bxc5 Nxc5 38. Rc2 Nb3+ 39. Kd1 Rxb6 40. Rc8+ Kg7 41. Ke1 Rd6 42. Rc3 Nd4 43. Kf2 Ra6 44. Ke3 Ne6 45. h3 h4 46. f4 Ra2 47. Kf3 Nd4+ 48. Ke3 Nc2+ 49. Kf2 Nd4+ 50. Kf1 Ra1+ 51. Kf2 Ra2+ 52. Kf1 Ne2 53. Rf3 Ng3+ 54. Kg1 Ra1+ 55. Kf2 Ra2+ 56. Kg1 Nxe4 57. Re3 Ra1+ 58. Kh2 Ng3 59. Rxg3 hxg3+ 60. Kxg3 f5 0-1


[Site "https://www.chess.com"]

[Event "Titled Tuesday Blitz August 1 Early 2023"]
[White "Zemlyanskii, Ivan"]
[Black "Lana Rodriguez, David"]
[WhiteFideId "24249971"]
[BlackFideId "2270803"]
[WhiteElo "2929"]
[BlackElo "2590"]
[Result "1-0"]
[Round "4"]
[TimeControl "180+1"]
[Date "2023.08.01"]
[WhiteClock "0:01:49"]
[BlackClock "0:01:53"]
[Board "42"]

1. d4 Nf6 2. c4 e5 3. dxe5 Ng4 4. Nf3 Nc6 5. Bf4 Bb4+ 6. Nbd2 Qe7 7. a3 Ngxe5 8. Nxe5 Nxe5 9. e3 Bc5 10. Be2 a5 11. Ne4 O-O 12. Qd5 d6 13. Nxc5 c6 14. Qd4 Ng6 15. Bxd6 Qg5 16. Bxf8 Qxg2 17. Qxg7# 1-0


[Site "https://www.chess.com"]

[Event "Titled Tuesday Blitz August 1 Early 2023"]
[White "Sourath Biswas"]
[Black "Gholami Orimi, Mahdi"]
[WhiteFideId "35091484"]
[BlackFideId "12558486"]
[WhiteElo "2589"]
[BlackElo "2905"]
[Result "0-1"]
[Round "4"]
[TimeControl "180+1"]
[Date "2023.08.01"]
[WhiteClock "0:00:06"]
[BlackClock "0:00:48"]
[Board "43"]

1. d4 Nf6 2. Nf3 e6 3. Bf4 c5 4. e3 cxd4 5. exd4 Be7 6. Nbd2 O-O 7. Bd3 b6 8. O-O Bb7 9. a4 a6 10. h3 d6 11. a5 bxa5 12. Nc4 Nc6 13. Bd2 Qb8 14. Nxa5 Nxa5 15. Bxa5 Rc8 16. Bd2 Be4 17. Bxe4 Nxe4 18. b3 d5 19. Ra2 Bd6 20. Qe2 Qb5 21. Re1 Qxe2 22. Rxe2 Nc3 23. Bxc3 Rxc3 24. Re3 Bb4 25. Rxc3 Bxc3 26. Kf1 f6 27. Ke2 e5 28. dxe5 fxe5 29. Ng5 a5 30. Ne6 Rc8 31. Ng5 e4 32. Ne6 h6 33. Nf4 Rc5 34. Ne6 Rc6 35. Nf4 Rd6 36. Ra4 g5 37. Nh5 Kf7 38. f3 Kg6 39. Ng3 exf3+ 40. Kxf3 Re6 41. Ne2 Bd2 42. Nd4 Re3+ 43. Kf2 Re4 44. Nf3 Bc3 45. g4 Kf6 46. Rxe4 dxe4 47. Ne1 Ke5 48. Ng2 Kd4 49. Ne3 Bd2 50. Nf5+ Kc3 51. Nxh6 Kxc2 52. Ke2 Bf4 53. Nf7 Kxb3 54. h4 gxh4 55. g5 h3 56. g6 h2 57. g7 h1=Q 58. g8=Q Qf3+ 59. Ke1 Bg3+ 60. Kd2 Qd3+ 61. Kc1 Bf4# 0-1


[Site "https://www.chess.com"]

[Event "Titled Tuesday Blitz August 1 Early 2023"]
[White "Perez Ponsa, Federico"]
[Black "Gunduz, Umut Erdem"]
[WhiteFideId "117927"]
[BlackFideId "6381383"]
[WhiteElo "2896"]
[BlackElo "2589"]
[Result "0-1"]
[Round "4"]
[TimeControl "180+1"]
[Date "2023.08.01"]
[WhiteClock "0:01:25"]
[BlackClock "0:01:42"]
[Board "44"]

1. e4 e5 2. Nf3 Nc6 3. d4 exd4 4. Nxd4 Bc5 5. Nb3 Bb6 6. Nc3 Nf6 7. Qe2 d6 8. Be3 O-O 9. O-O-O Re8 10. f3 Be6 11. g4 d5 12. g5 Nh5 13. Bxb6 axb6 14. Qf2 Qxg5+ 15. Kb1 dxe4 16. Nxe4 Qf4 17. Rg1 Bxb3 18. axb3 Rxe4 19. Rg4 Qe3 0-1


[Site "https://www.chess.com"]

[Event "Titled Tuesday Blitz August 1 Early 2023"]
[White "Dau Khuong Duy"]
[Black "Thomforde-Toates, Noah"]
[WhiteFideId "12424722"]
[BlackFideId "30951992"]
[WhiteElo "2880"]
[BlackElo "2586"]
[Result "0-1"]
[Round "4"]
[TimeControl "180+1"]
[Date "2023.08.01"]
[WhiteClock "0:00:05"]
[BlackClock "0:00:20"]
[Board "45"]

1. c4 Nf6 2. Nc3 d6 3. g3 g6 4. Bg2 Bg7 5. e3 O-O 6. Nge2 Nc6 7. O-O e5 8. b3 Be6 9. d4 exd4 10. exd4 d5 11. Ba3 Re8 12. Nf4 Bg4 13. f3 Be6 14. Nxe6 Rxe6 15. f4 Re3 16. Qd2 Rxc3 17. Qxc3 Ne4 18. Qf3 Nd2 19. Qxd5 Bxd4+ 20. Kh1 Nxf1 21. Qxd8+ Rxd8 22. Rxf1 Bf6 23. Bd5 Be7 24. Bxe7 Nxe7 25. Bxb7 Rd2 26. Re1 Kf8 27. a3 Nf5 28. Be4 Nd4 29. b4 Ra2 30. Re3 f5 31. Bd5 Nc2 32. Re6 Rxa3 33. Rf6+ Ke8 34. Bg8 Ne3 35. h3 Ra1+ 36. Kh2 Ra2+ 37. Kg1 Rg2+ 38. Kh1 Rxg3 39. Bxh7 Rxh3+ 40. Kg1 Rxh7 41. Rxg6 Rd7 42. Re6+ Re7 43. Ra6 Nxc4 44. Rxa7 Kd7 45. Kf2 Re4 46. Kg3 Nd6 47. Ra4 Rc4 48. Kf3 Rc3+ 49. Ke2 Ne4 50. Ra5 Rb3 51. Rd5+ Ke6 52. Re5+ Kf6 53. b5 Rxb5 54. Re8 Rb2+ 55. Ke3 Rb3+ 56. Kd4 c5+ 57. Kd5 Rd3+ 58. Kc6 c4 59. Rf8+ Kg6 60. Kb5 c3 61. Kb4 c2 62. Rc8 Rc3 63. Rg8+ Kh5 64. Rh8+ Kg4 65. Rg8+ Kxf4 0-1


[Site "https://www.chess.com"]

[Event "Titled Tuesday Blitz August 1 Early 2023"]
[White "Karamsetty, Jeevan"]
[Black "Molina, Roberto Junio Brito"]
[WhiteFideId "2025337"]
[BlackFideId "2109450"]
[WhiteElo "2583"]
[BlackElo "2858"]
[Result "1-0"]
[Round "4"]
[TimeControl "180+1"]
[Date "2023.08.01"]
[WhiteClock "0:00:08"]
[BlackClock "0:00:13"]
[Board "46"]

1. e4 c6 2. d4 d5 3. exd5 cxd5 4. Bd3 Nc6 5. c3 g6 6. Nf3 Bf5 7. Be2 Bh6 8. O-O Bxc1 9. Qxc1 Nf6 10. Nbd2 O-O 11. Re1 Bg4 12. h3 Bxf3 13. Bxf3 Rc8 14. Qd1 Re8 15. a4 Qd6 16. Nb3 e6 17. Qd2 Re7 18. Nc5 Rce8 19. Qg5 Kg7 20. Nd3 Nd7 21. Nf4 f6 22. Nh5+ Kf7 23. Qh6 Kg8 24. Nf4 Nd8 25. Nd3 e5 26. dxe5 fxe5 27. Nb4 e4 28. Be2 a5 29. Nc2 Nf6 30. Rad1 Qe5 31. Nd4 Ne6 32. Bb5 Rf8 33. Nf3 Qf4 34. Qxf4 Nxf4 35. Nd4 Kf7 36. Ne2 Ne6 37. c4 dxc4 38. Bxc4 Kg7 39. Nc3 Nc5 40. b3 Rfe8 41. Nd5 Nxd5 42. Rxd5 b6 43. Rd6 Nd7 44. Red1 Ne5 45. Bb5 Rb8 46. Rc1 Rbb7 47. Rc8 Nf7 48. Rd4 Ng5 49. Bc6 Rbc7 50. Rxc7 Rxc7 51. Bxe4 Rc1+ 52. Kh2 Rc3 53. Bd5 Rc2 54. Kg3 h5 55. Bc4 Rc3+ 56. Kh2 Nh7 57. Rf4 Nf6 58. g4 g5 59. Rf5 hxg4 60. Rxg5+ Kh6 61. h4 Rc2 62. Rf5 Ne4 63. Kg2 g3 64. Bd3 Rxf2+ 65. Rxf2 Nxf2 66. Be2 Ne4 67. Bf3 Nc5 68. Bd5 Kh5 69. Kxg3 Kg6 70. Bc4 Kf6 71. Kg4 Ne4 72. h5 Nd6 73. Bg8 Nf5 74. Bc4 Ne3+ 75. Kf4 Nf5 76. Ke4 Ne7 77. Kd4 Kg5 78. Be2 Kf5 79. Kc4 Ke5 80. Kb5 Nd5 81. h6 Kf6 82. Kc6 Nc3 83. Bf3 Na2 84. Kxb6 Nc1 85. Bd5 Kg6 86. Kxa5 Kxh6 87. b4 Kg6 88. b5 Kf6 89. b6 Ke5 90. b7 Kxd5 91. b8=Q Nd3 92. Qd8+ Kc4 93. Qh4+ Kc5 94. Qg5+ Kc4 95. Qg4+ Kc5 96. Qc8+ Kd4 97. Kb6 Nb4 98. Qc5+ 1-0


[Site "https://www.chess.com"]

[Event "Titled Tuesday Blitz August 1 Early 2023"]
[White "Timofeev, Artyom"]
[Black "Borgaonkar Akshay"]
[WhiteFideId "4140419"]
[BlackFideId "25639110"]
[WhiteElo "2856"]
[BlackElo "2582"]
[Result "1-0"]
[Round "4"]
[TimeControl "180+1"]
[Date "2023.08.01"]
[WhiteClock "0:01:09"]
[BlackClock "0:00:37"]
[Board "47"]

1. c4 g6 2. Nc3 Bg7 3. h4 h5 4. d4 Nf6 5. Nf3 d6 6. Ng5 Nbd7 7. e4 e5 8. d5 a5 9. Be2 Nc5 10. Be3 O-O 11. f3 Nh7 12. g4 Nxg5 13. Bxg5 f6 14. Be3 f5 15. gxf5 gxf5 16. Qd2 f4 17. Bf2 Bd7 18. O-O-O Rf7 19. Rdg1 Qf6 20. Rg5 Qh6 21. Rhg1 Kh7 22. Bxc5 dxc5 23. d6 c6 24. Na4 Bf6 25. Rg6 Qxg6 26. Rxg6 Kxg6 27. Nxc5 Bxh4 28. Bf1 Kf6 29. Qh2 Kg5 30. Bh3 Bg3 31. Qh1 Rd8 32. Nxd7 Rfxd7 33. Bxd7 Rxd7 34. c5 h4 35. Qh3 Rd8 1-0


[Site "https://www.chess.com"]

[Event "Titled Tuesday Blitz August 1 Early 2023"]
[White "Rasulov, Vugar"]
[Black "Guz, Ari"]
[WhiteFideId "13402390"]
[BlackFideId "2825759"]
[WhiteElo "2847"]
[BlackElo "2580"]
[Result "1-0"]
[Round "4"]
[TimeControl "180+1"]
[Date "2023.08.01"]
[WhiteClock "0:01:06"]
[BlackClock "0:00:00"]
[Board "48"]

1. a3 a6 2. b4 b5 3. Bb2 Bb7 4. Nf3 Nf6 5. g3 g6 6. Bg2 Bg7 7. O-O O-O 8. d3 d6 9. c4 Nbd7 10. Nc3 bxc4 11. dxc4 c5 12. b5 Nb6 13. Qd3 axb5 14. cxb5 d5 15. Ne5 Qc7 16. f4 d4 17. Ne4 Na4 18. Rab1 c4 19. Qxc4 Qxc4 20. Nxf6+ exf6 21. Nxc4 Bxg2 22. Kxg2 Rfc8 23. Rfc1 Nxb2 24. Rxb2 Ra4 25. b6 Rb8 26. b7 Bf8 27. Rb5 Ra7 28. Na5 Rxa5 29. Rxa5 Rxb7 30. a4 Rb2 31. Kf1 h5 32. Rb5 Ra2 33. a5 Kg7 34. Rd1 h4 35. gxh4 Bd6 36. Rxd4 Bc7 37. h5 Bxa5 38. hxg6 Kxg6 39. Rd3 Bc7 40. Rg3+ Kh6 41. Rg4 1-0


[Site "https://www.chess.com"]

[Event "Titled Tuesday Blitz August 1 Early 2023"]
[White "Tologon tegin, Semetei"]
[Black "Moroni, Luca Jr"]
[WhiteFideId "13800574"]
[BlackFideId "865834"]
[WhiteElo "2578"]
[BlackElo "2846"]
[Result "0-1"]
[Round "4"]
[TimeControl "180+1"]
[Date "2023.08.01"]
[WhiteClock "0:00:09"]
[BlackClock "0:01:01"]
[Board "50"]

1. e4 g6 2. d4 Bg7 3. Nc3 a6 4. a4 d6 5. h3 Nf6 6. Nf3 O-O 7. Be3 d5 8. e5 Ne4 9. Nxe4 dxe4 10. Nd2 c5 11. c3 cxd4 12. cxd4 Nc6 13. Nxe4 Bf5 14. Ng3 Be6 15. Be2 f6 16. f4 Qa5+ 17. Qd2 Qxd2+ 18. Kxd2 Rad8 19. exf6 Bxf6 20. Ne4 Bxd4 21. Nc3 Bb3 22. Rac1 Be5+ 23. Ke1 Bxf4 24. Bxf4 Rxf4 25. Rf1 Rb4 26. Rf2 Rf8 27. Bf3 Ne5 28. Be4 Rxe4+ 0-1


[Site "https://www.chess.com"]

[Event "Titled Tuesday Blitz August 1 Early 2023"]
[White "Rustemov, Alexander"]
[Black "Saya, Ethan"]
[WhiteFideId "4119002"]
[BlackFideId "26095181"]
[WhiteElo "2833"]
[BlackElo "2578"]
[Result "1-0"]
[Round "4"]
[TimeControl "180+1"]
[Date "2023.08.01"]
[WhiteClock "0:00:20"]
[BlackClock "0:00:00"]
[Board "51"]

1. d4 d5 2. c4 c6 3. Nc3 Nf6 4. e3 e6 5. Nf3 Nbd7 6. Qc2 Bd6 7. Bd2 O-O 8. O-O-O a6 9. e4 dxe4 10. Nxe4 Nxe4 11. Qxe4 Nf6 12. Qh4 b5 13. c5 Be7 14. Bd3 Qd5 15. Kb1 Qh5 16. Bg5 Qxh4 17. Bxh4 Bb7 18. Ne5 Rad8 19. Be2 Rfe8 20. Bf3 Nd5 21. Bxe7 Rxe7 22. Rhe1 f6 23. Ng4 Kf7 24. Ne3 Bc8 25. a3 a5 26. Kc2 Rde8 27. g3 Bd7 28. Rd2 Rb8 29. Rde2 Ree8 30. Bh5+ g6 31. Bf3 a4 32. Bxd5 exd5 33. Kc3 Re7 34. Nc2 Rxe2 35. Rxe2 h5 36. Kb4 Ra8 37. Ne3 g5 38. f3 Rh8 39. Ka5 g4 40. fxg4 hxg4 41. Kb6 f5 42. Kc7 Be6 43. Kxc6 Rc8+ 44. Kxb5 Rb8+ 45. Kc6 Rb3 46. Kd6 Rb8 47. c6 Rd8+ 48. Kc5 Rc8 49. Nxd5 Rd8 50. Nf4 Bc8 51. d5 1-0


[Site "https://www.chess.com"]

[Event "Titled Tuesday Blitz August 1 Early 2023"]
[White "Sychev, Klementy"]
[Black "Bilan, Danila"]
[WhiteFideId "4114060"]
[BlackFideId "24161918"]
[WhiteElo "2810"]
[BlackElo "2576"]
[Result "1-0"]
[Round "4"]
[TimeControl "180+1"]
[Date "2023.08.01"]
[WhiteClock "0:00:22"]
[BlackClock "0:00:00"]
[Board "52"]

1. e4 c6 2. c4 d5 3. cxd5 cxd5 4. exd5 a6 5. Nc3 Nf6 6. Bc4 b5 7. Bb3 Bb7 8. Nh3 b4 9. Na4 Bxd5 10. O-O e6 11. Nf4 Bxb3 12. axb3 Bd6 13. Qf3 Nbd7 14. d4 O-O 15. Be3 Bxf4 16. Bxf4 Nd5 17. Bg3 Rc8 18. Bd6 Re8 19. Nc5 Nxc5 20. dxc5 Rc6 21. Rad1 Qd7 22. Rfe1 Rec8 23. h4 h6 24. h5 a5 25. Re4 Rxd6 26. cxd6 Qxd6 27. Rc4 Rd8 28. Rdc1 Qe5 29. Rc8 Qd6 30. Qd3 f5 31. R1c6 Qe7 32. Rxd8+ Qxd8 33. Rxe6 1-0


[Site "https://www.chess.com"]

[Event "Titled Tuesday Blitz August 1 Early 2023"]
[White "Harvey, Marcus R"]
[Black "Ambartsumova, Karina"]
[WhiteFideId "400092"]
[BlackFideId "4166299"]
[WhiteElo "2798"]
[BlackElo "2573"]
[Result "1-0"]
[Round "4"]
[TimeControl "180+1"]
[Date "2023.08.01"]
[WhiteClock "0:00:09"]
[BlackClock "0:00:00"]
[Board "53"]

1. d4 Nf6 2. c4 d6 3. Nc3 e5 4. Nf3 e4 5. Ng5 Qe7 6. g3 c6 7. Bg2 Bf5 8. O-O h6 9. Nh3 g5 10. f3 Bg7 11. Nf2 e3 12. Nfe4 d5 13. Nxf6+ Bxf6 14. cxd5 O-O 15. f4 g4 16. d6 Qxd6 17. Bxe3 Rd8 18. Be4 Bxd4 19. Bxd4 Bxe4 20. Nxe4 Qxd4+ 21. Qxd4 Rxd4 22. Nf6+ Kg7 23. Nxg4 Na6 24. e3 Rd2 25. Rf2 Rad8 26. Re1 Nc5 27. Ree2 Rd1+ 28. Rf1 R1d2 29. Rfe1 Na4 30. b3 Nc3 31. Rxd2 Rxd2 32. a4 Rb2 33. e4 Rxb3 34. Ne3 Nxe4 35. Nf5+ Kf6 36. Nxh6 Nc5 37. a5 b6 38. axb6 axb6 39. Ng4+ Kg7 40. Re7 Nd3 41. Rc7 c5 42. f5 Rc3 43. h4 b5 44. h5 b4 45. h6+ Kg8 46. Nf6+ Kf8 47. Rc8+ Ke7 48. Nd5+ Kd7 49. Nb6+ Kd6 50. h7 b3 51. h8=Q Rc1+ 52. Kg2 Rc2+ 53. Kf3 Ne5+ 54. Kf4 Rf2+ 55. Kg5 Nf3+ 56. Kg4 Ne5+ 57. Kh3 Rxf5 58. Qd8+ Ke6 59. Rxc5 Rh5+ 60. Kg2 b2 61. Qd5+ Kf6 62. Qd6+ Kg7 63. Rb5 Nc4 64. Qd4+ 1-0


[Site "https://www.chess.com"]

[Event "Titled Tuesday Blitz August 1 Early 2023"]
[White "Mahdavi, Reza"]
[Black "Siniauski, Artsiom"]
[WhiteFideId "12595926"]
[BlackFideId "13512269"]
[WhiteElo "2790"]
[BlackElo "2572"]
[Result "0-1"]
[Round "4"]
[TimeControl "180+1"]
[Date "2023.08.01"]
[WhiteClock "0:00:00"]
[BlackClock "0:00:19"]
[Board "54"]

1. e4 e6 2. d4 d5 3. Nd2 c5 4. Ngf3 cxd4 5. Nxd4 Nc6 6. Bb5 Bd7 7. Nxc6 bxc6 8. Bd3 Qc7 9. Qe2 Bd6 10. Nf3 e5 11. exd5 cxd5 12. Nxe5 Bxe5 13. f4 f6 14. fxe5 Qxe5 15. Bf4 Qxe2+ 16. Kxe2 Ne7 17. Kd2 Kf7 18. Rhe1 Rhe8 19. Bd6 Nc6 20. b4 Ne5 21. a4 Ke6 22. Bc5 Rec8 23. Bd4 Be8 24. Be2 Bg6 25. c3 Be4 26. Bc5 g6 27. Bf1 f5 28. Ke3 Ng4+ 29. Kf4 Nxh2 30. Be2 h5 31. a5 Ng4 32. Ba6 Rg8 33. Kg5 Ne5 34. Rad1 Bxg2 0-1


[Site "https://www.chess.com"]

[Event "Titled Tuesday Blitz August 1 Early 2023"]
[White "Bauman_Guy"]
[Black "Sadykov, Ramil"]
[BlackFideId "24113590"]
[WhiteElo "2784"]
[BlackElo "2571"]
[Result "1/2-1/2"]
[Round "4"]
[TimeControl "180+1"]
[Date "2023.08.01"]
[WhiteClock "0:00:15"]
[BlackClock "0:00:08"]
[Board "55"]

1. e4 c5 2. Nf3 e6 3. d4 cxd4 4. Nxd4 Nf6 5. Nc3 Nc6 6. Ndb5 Bb4 7. a3 Bxc3+ 8. Nxc3 d5 9. Bd3 dxe4 10. Nxe4 Nxe4 11. Bxe4 Qxd1+ 12. Kxd1 Bd7 13. Be3 f5 14. Bf3 O-O-O 15. Kc1 e5 16. g3 h6 17. h4 f4 18. Bd2 Nd4 19. Bd1 Rhe8 20. b3 Bc6 21. Re1 g5 22. Bh5 Re7 23. Bb4 Rc7 24. Ra2 fxg3 25. fxg3 gxh4 26. gxh4 Nxb3+ 27. cxb3 Bf3+ 28. Rc2 Bxh5 29. Rxe5 Rxc2+ 30. Kxc2 Bf3 31. h5 Rd5 32. Re8+ Kc7 33. Re7+ Kc8 34. Bd2 Rxh5 35. b4 a6 36. Bf4 Bc6 37. Kc3 Rh4 38. Rf7 Kd8 39. Be5 Ke8 40. Rh7 h5 41. a4 Bxa4 42. Rxb7 Bb5 43. Rh7 Rc4+ 44. Kb3 Rh4 45. Bd6 Rh3+ 46. Kb2 Kd8 47. Bc5 Kc8 48. Kc1 Rh1+ 49. Kd2 h4 50. Ke3 h3 51. Bd6 Bd7 52. Kd4 Rd1+ 53. Kc5 Rc1+ 54. Kd5 Rd1+ 55. Ke5 Re1+ 56. Kf4 Rf1+ 57. Ke3 Rd1 58. Bf4 Kb7 59. Ke2 Rd5 60. Ke3 Kc6 61. Rh8 Kb5 62. Rb8+ Kc4 63. Ke4 Bc6 64. Ke3 Bb5 65. Rh8 Bd7 66. Rb8 Rh5 67. Bh2 Bb5 68. Rc8+ Kxb4 69. Bd6+ Kb3 70. Bh2 a5 71. Kd2 a4 72. Rc3+ Kb4 73. Bd6+ Ka5 74. Bh2 Kb4 75. Bd6+ Ka5 76. Bc7+ Ka6 77. Bh2 Kb6 78. Bc7+ Kb7 79. Bh2 Rg5 80. Rxh3 Rg2+ 81. Kc1 Kc6 82. Be5 Kd5 83. Bb2 Bc4 84. Rh4 Bb3 85. Ba3 Rc2+ 86. Kb1 Ra2 87. Bb2 Kc5 88. Rh3 Kb5 89. Rh4 Kc5 90. Rh3 Kb5 91. Rg3 Kc4 92. Rg4+ Kb5 93. Rg3 Kc4 94. Rg4+ Kb5 95. Rg3 1/2-1/2


[Site "https://www.chess.com"]